[Event "Titled Tuesday Blitz March 21 Early 2023"]
[White "Ingebretsen, Jens E"]
[Black "Ruge, Edison"]
[WhiteFideId "1522965"]
[BlackFideId "4401000"]
[WhiteElo "2213"]
[BlackElo "2175"]
[Result "1-0"]
[Round "02"]
[TimeControl "180+2"]
[Date "2023.03.21"]
[WhiteClock "0:00:22"]
[BlackClock "0:00:01"]

1. c4 e5 2. Nc3 Nc6 3. Nf3 f5 4. d4 e4 5. Ne5 d6 6. Nxc6 bxc6 7. d5 c5 8. g4 Nf6 9. gxf5 Bxf5 10. Rg1 g6 11. Bg5 Rb8 12. Qd2 Bg7 13. h4 h6 14. Bf4 a6 15. Bg2 Qe7 16. O-O-O Nh5 17. Be3 Qxh4 18. f3 exf3 19. Bxf3 Qxc4 20. Bxh5 Bxc3 21. Qxc3 Qxc3+ 22. bxc3 gxh5 23. Rg7 Rb1+ 24. Kd2 Rxd1+ 25. Kxd1 Rh7 26. Rg8+ Kf7 27. Ra8 h4 28. Rxa6 h3 29. Ra4 h5 30. Rf4 Kf6 31. a4 Ke5 32. c4 Rg7 33. a5 Rg3 34. Kd2 h2 35. Rh4 Rg2 36. Bf4+ Kf6 37. a6 Bg4 38. Rxh2 Rg1 39. Rf2 Kg6 40. Bg3 Ra1 41. Bh4 Rxa6 42. Rf6+ Kg7 43. Rf4 Ra2+ 44. Kc3 Rxe2 45. Bd8 Re3+ 46. Kb2 Rf3 47. Rxf3 Bxf3 48. Bxc7 Kf6 49. Bxd6 Kf5 50. Bxc5 Ke4 51. Kc3 h4 52. Bd6 Kf5 53. Bh2 Kf6 54. Kd4 Ke7 55. c5 Kd7 56. Ke5 h3 57. c6+ Kc8 58. Kd6 Be4 59. Ke5 Bg2 60. Kd4 1-0


[Site "https://www.chess.com"]

[Event "Titled Tuesday Blitz March 21 Early 2023"]
[White "Gubajdullin, Alexei"]
[Black "lolliNOPE"]
[WhiteFideId "4141202"]
[WhiteElo "2267"]
[BlackElo "2017"]
[Result "1/2-1/2"]
[Round "02"]
[TimeControl "180+2"]
[Date "2023.03.21"]
[WhiteClock "0:00:21"]
[BlackClock "0:00:17"]

1. d4 Nf6 2. Nf3 d5 3. Bf4 e6 4. e3 Bd6 5. Bg3 c5 6. Nbd2 O-O 7. c3 Qc7 8. Ne5 Nbd7 9. f4 b6 10. Bd3 Bb7 11. Qf3 a6 12. Bh4 b5 13. g4 b4 14. Bxf6 Nxf6 15. g5 Bxe5 16. fxe5 Ne4 17. Nxe4 dxe4 18. Bxe4 Bxe4 19. Qxe4 bxc3 20. bxc3 Qa5 21. O-O cxd4 22. cxd4 Rab8 23. Rf2 Rb4 24. h4 Qb5 25. h5 Rb2 26. Raf1 Rxf2 27. Rxf2 Qa4 28. h6 Qd1+ 29. Kg2 Qh5 30. Qf4 Qg6 31. hxg7 Rc8 32. Qf6 Rc1 33. Rb2 Rc2+ 34. Rxc2 Qxc2+ 35. Kg3 Qxa2 36. e4 Qd2 37. d5 exd5 38. Qd8+ Kxg7 39. Qf6+ Kg8 40. Qd8+ Kg7 41. exd5 Qe3+ 42. Kg4 Qe4+ 43. Kh3 Qf3+ 44. Kh2 Qf2+ 45. Kh1 Qf1+ 46. Kh2 Qf2+ 47. Kh3 Qf3+ 48. Kh4 Qf4+ 49. Kh3 Qf3+ 1/2-1/2


[Site "https://www.chess.com"]

[Event "Titled Tuesday Blitz March 21 Early 2023"]
[White "Wahedi, Ahmad Siar"]
[Black "Wei, Yi"]
[WhiteFideId "4651260"]
[BlackFideId "8603405"]
[WhiteElo "2454"]
[BlackElo "2686"]
[Result "0-1"]
[Round "02"]
[TimeControl "180+2"]
[Date "2023.03.21"]
[WhiteClock "0:02:01"]
[BlackClock "0:02:20"]

1. e4 Nf6 2. e5 Nd5 3. Nf3 c5 4. c3 d6 5. d4 cxd4 6. cxd4 Nc6 7. exd6 e6 8. Nc3 Nxc3 9. bxc3 Bxd6 10. Bd3 h6 11. h3 O-O 12. O-O b6 13. Qe2 Qc7 14. Qe4 f5 15. Qh4 Ne7 16. Bxh6 gxh6 17. Qxh6 Nd5 18. c4 Nf4 19. Bc2 Qg7 20. Qxg7+ Kxg7 21. Bb3 Bb7 22. Kh1 Rh8 23. Ng5 0-1


[Site "https://www.chess.com"]

[Event "Titled Tuesday Blitz March 21 Early 2023"]
[White "Erigaisi Arjun"]
[Black "Girsh, Daniel"]
[WhiteFideId "35009192"]
[BlackFideId "30949190"]
[WhiteElo "2737"]
[BlackElo "2075"]
[Result "1-0"]
[Round "02"]
[TimeControl "180+2"]
[Date "2023.03.21"]
[WhiteClock "0:00:22"]
[BlackClock "0:00:29"]

1. b3 d5 2. Bb2 Bf5 3. d3 e6 4. Nd2 Nf6 5. g3 Be7 6. Bg2 O-O 7. e4 Bg6 8. a3 c5 9. e5 Nfd7 10. h4 h6 11. f4 f6 12. h5 Bf7 13. Ngf3 Nc6 14. Qe2 Qc7 15. O-O-O a5 16. g4 fxe5 17. g5 Nd4 18. Nxd4 exd4 19. g6 Qxf4 20. gxf7+ Qxf7 21. Rde1 e5 22. a4 Bg5 23. Kb1 Rae8 24. Nf3 Be3 25. Nh4 Qe6 26. Ref1 Nf6 27. Bh3 Qb6 28. Nf5 c4 29. dxc4 Ne4 30. Nxe3 dxe3 31. Rxf8+ Rxf8 32. cxd5 Ng3 33. Qg2 Nxh1 34. Bxe5 g5 35. Be6+ Rf7 36. Qxh1 e2 37. Bxf7+ Kf8 38. Bc3 Qf2 39. Qe4 Qxf7 40. Qxe2 Qxd5 41. Qf2+ Ke8 42. Qf6 Qh1+ 43. Kb2 Qxh5 44. Qe6+ Kf8 45. Bxa5 Qf7 46. Qxh6+ Qg7+ 47. Qxg7+ Kxg7 48. b4 g4 49. Bc7 Kf6 50. a5 Ke6 51. Kb3 Kd5 52. c4+ Kc6 53. Bg3 Kd7 54. b5 Kc8 55. Kb4 Kd7 56. Kc5 Kc8 57. Kb6 Kd7 58. Kxb7 Ke6 59. a6 Kf5 60. a7 Ke4 61. a8=Q Kf3 62. Qb8 Kg2 63. Qf4 Kh3 64. c5 Kg2 65. c6 Kh3 66. c7 Kg2 67. c8=Q Kh3 68. Qcxg4+ Kg2 69. Qf2+ Kh1 70. Qd1# 1-0


[Site "https://www.chess.com"]

[Event "Titled Tuesday Blitz March 21 Early 2023"]
[White "Shvedova, Alexandra"]
[Black "Tsydypov, Zhamsaran"]
[WhiteFideId "54154782"]
[BlackFideId "4108566"]
[WhiteElo "2057"]
[BlackElo "2584"]
[Result "0-1"]
[Round "02"]
[TimeControl "180+2"]
[Date "2023.03.21"]
[WhiteClock "0:00:02"]
[BlackClock "0:00:51"]

1. Nf3 g6 2. d4 Bg7 3. e4 d6 4. Nc3 a6 5. Be3 b5 6. Bd3 Bb7 7. O-O Nd7 8. Qd2 c5 9. a3 c4 10. Be2 Ngf6 11. e5 Nd5 12. Nxd5 Bxd5 13. exd6 exd6 14. Bf4 Nf6 15. Qb4 Ne4 16. a4 Rb8 17. axb5 axb5 18. Ra6 Rb6 19. Rfa1 O-O 20. c3 Re8 21. Bf1 Bf8 22. h3 Bc6 23. Qa5 Rxa6 24. Qxa6 Qc7 25. Qa7 Qc8 26. Rd1 Nf6 27. Bg5 Nd5 28. Qa1 h6 29. Bh4 Nf4 30. Bg3 Nxh3+ 31. gxh3 Bxf3 32. Re1 Bc6 33. Qc1 Rxe1 34. Qxe1 Qa8 35. Qd2 Qa1 36. Bf4 Qb1 37. Bxh6 Qe4 38. f3 Qxf3 39. Bxf8 Kxf8 40. Kh2 Qxf1 0-1


[Site "https://www.chess.com"]

[Event "Titled Tuesday Blitz March 21 Early 2023"]
[White "Tomaszewski, Kacper"]
[Black "Makhnev, Denis"]
[WhiteFideId "1127373"]
[BlackFideId "13707647"]
[WhiteElo "2211"]
[BlackElo "2525"]
[Result "0-1"]
[Round "02"]
[TimeControl "180+2"]
[Date "2023.03.21"]
[WhiteClock "0:00:29"]
[BlackClock "0:01:05"]

1. c4 e5 2. e3 Nf6 3. Nc3 Bb4 4. Nge2 c6 5. a3 Ba5 6. b4 Bc7 7. d4 d6 8. dxe5 dxe5 9. Qxd8+ Kxd8 10. Bb2 Be6 11. Ng3 Nbd7 12. O-O-O Ke7 13. f3 a5 14. e4 axb4 15. axb4 Nb6 16. c5 Na4 17. Nf5+ Bxf5 18. exf5 Nxc3 19. Bxc3 Nd5 20. Bd2 Ra1+ 21. Kc2 Ra2+ 22. Kb3 Rha8 23. Bc1 Ne3 24. Re1 Nc2 25. Rd1 Na1+ 26. Kc4 Rc2+ 27. Kd3 Rd8+ 28. Ke4 Rxd1 29. f6+ gxf6 0-1


[Site "https://www.chess.com"]

[Event "Titled Tuesday Blitz March 21 Early 2023"]
[White "Babazada, Khazar"]
[Black "Dudzinski, Pawel"]
[WhiteFideId "13413554"]
[BlackFideId "1117890"]
[WhiteElo "2364"]
[BlackElo "2099"]
[Result "1-0"]
[Round "02"]
[TimeControl "180+2"]
[Date "2023.03.21"]
[WhiteClock "0:00:20"]
[BlackClock "0:00:03"]

1. e4 c6 2. d4 d5 3. Bd3 dxe4 4. Bxe4 Nf6 5. Bf3 g6 6. Ne2 Bg7 7. O-O Bg4 8. Bxg4 Nxg4 9. h3 Nf6 10. c4 O-O 11. Nbc3 Nbd7 12. Be3 e5 13. Qb3 Qb6 14. Qa3 exd4 15. Nxd4 Qc7 16. Rad1 Rfe8 17. Rfe1 Ne5 18. b3 Qe7 19. Qc1 Rad8 20. Bf4 Nh5 21. Bxe5 Bxe5 22. Nf3 Rxd1 23. Qxd1 Qc7 24. Qc1 Ng7 25. Ne4 f5 26. Nc5 Bf4 27. Rxe8+ Nxe8 28. Qe1 Ng7 29. Ne6 Nxe6 30. Qxe6+ Qf7 31. Qc8+ Kg7 32. Nd4 Be5 33. Ne6+ Kh6 34. f4 Bf6 35. c5 Qe7 36. g4 g5 37. h4 gxf4 38. g5+ Bxg5 39. hxg5+ Kh5 40. Qe8+ Qxe8 41. Ng7+ Kxg5 42. Nxe8 Kg4 43. Nd6 b6 44. Nc8 bxc5 45. Nxa7 Kf3 46. Kf1 h5 47. Nxc6 h4 48. Ne5+ Ke4 49. Nc4 h3 50. a4 f3 51. Kg1 1-0


[Site "https://www.chess.com"]

[Event "Titled Tuesday Blitz March 21 Early 2023"]
[White "Durarbayli, Vasif"]
[Black "Vivas Zamora, Fabian Ernesto"]
[WhiteFideId "13402935"]
[BlackFideId "3902480"]
[WhiteElo "2543"]
[BlackElo "2262"]
[Result "1-0"]
[Round "02"]
[TimeControl "180+2"]
[Date "2023.03.21"]
[WhiteClock "0:00:34"]
[BlackClock "0:00:02"]

1. e4 e5 2. Nf3 Nc6 3. d4 exd4 4. Nxd4 Nf6 5. Nxc6 bxc6 6. e5 Qe7 7. Qe2 Nd5 8. h4 f6 9. c4 Ba6 10. Rh3 Nb6 11. exf6 Qxe2+ 12. Bxe2 Bxc4 13. Bxc4 Nxc4 14. b3 Nb6 15. Bb2 gxf6 16. Bxf6 Rg8 17. Kf1 Nd5 18. Bb2 O-O-O 19. Rf3 Be7 20. g3 Rdf8 21. Nd2 Rxf3 22. Nxf3 Rf8 23. Kg2 Nb4 24. Bc3 c5 25. a3 Nd5 26. Bd2 d6 27. Ng5 h6 28. Ne4 h5 29. Rd1 Nf6 30. Nc3 Ng4 31. f3 Ne5 32. Bf4 Bf6 33. Ne4 Bg7 34. Rd5 1-0


[Site "https://www.chess.com"]

[Event "Titled Tuesday Blitz March 21 Early 2023"]
[White "Chigaev, Maksim"]
[Black "Bas Mas, Jose Joaquin"]
[WhiteFideId "4108116"]
[BlackFideId "22219064"]
[WhiteElo "2547"]
[BlackElo "2233"]
[Result "1-0"]
[Round "02"]
[TimeControl "180+2"]
[Date "2023.03.21"]
[WhiteClock "0:00:39"]
[BlackClock "0:00:16"]

1. e4 e6 2. d4 d5 3. Nd2 Nf6 4. e5 Nfd7 5. c3 c5 6. f4 Nc6 7. Ngf3 Qb6 8. Nb3 a5 9. a4 Be7 10. Be2 O-O 11. O-O cxd4 12. cxd4 f6 13. Kh1 fxe5 14. fxe5 Rf7 15. Bd3 Nf8 16. Bg5 h6 17. Bxe7 Nxe7 18. Qc2 Bd7 19. Nc5 Rc8 20. Nh4 Be8 21. Rxf7 Bxf7 22. Rf1 Qb4 23. Qf2 Bh5 24. g4 Bg6 25. Nxg6 Nexg6 26. Nxe6 Nxe5 27. dxe5 Nxe6 28. Qf7+ 1-0


[Site "https://www.chess.com"]

[Event "Titled Tuesday Blitz March 21 Early 2023"]
[White "Raja Rithvik R"]
[Black "Kubatko, Ivan"]
[WhiteFideId "35007394"]
[BlackFideId "24111473"]
[WhiteElo "2402"]
[BlackElo "2285"]
[Result "1-0"]
[Round "02"]
[TimeControl "180+2"]
[Date "2023.03.21"]
[WhiteClock "0:00:09"]
[BlackClock "0:00:06"]

1. Nf3 d5 2. g3 Nf6 3. Bg2 c6 4. O-O Bf5 5. c4 h6 6. cxd5 cxd5 7. d3 Nc6 8. Qa4 e6 9. Nd4 Qd7 10. Nxf5 exf5 11. Nd2 Bd6 12. Nf3 O-O 13. Bf4 Rfe8 14. Bxd6 Qxd6 15. Rfe1 g6 16. Rac1 a6 17. Qf4 Qxf4 18. gxf4 d4 19. Rxc6 bxc6 20. Nxd4 Rab8 21. b3 c5 22. Nc6 Rb5 23. e3 Kg7 24. Rc1 Nd7 25. Kf1 Nb8 26. Ne5 Ra5 27. Rc2 Rd8 28. Ke2 f6 29. Nc4 Rb5 30. Rc3 Kf7 31. Kd2 Ke7 32. a4 Rb4 33. Na5 Rc8 34. d4 Nd7 35. Nc6+ Rxc6 36. Bxc6 cxd4 37. exd4 Rxd4+ 38. Ke3 Rd6 39. Bb7 Rb6 40. Bd5 Kd6 41. Bf7 g5 42. Rd3+ Ke7 43. Bc4 gxf4+ 44. Kxf4 Ne5 45. Re3 Kd6 46. Kxf5 Kc5 47. Be6 Kd4 48. Re4+ Kd3 49. Bc4+ Nxc4 50. bxc4 Rb4 51. Rf4 Rxc4 52. Rxc4 Kxc4 53. Kxf6 Kb4 54. f4 Kxa4 55. f5 Kb5 56. Kg6 a5 57. f6 a4 58. f7 1-0


[Site "https://www.chess.com"]

[Event "Titled Tuesday Blitz March 21 Early 2023"]
[White "Devaev, Alexander"]
[Black "Yeletsky, Ivan"]
[WhiteFideId "4169395"]
[BlackFideId "24180327"]
[WhiteElo "2225"]
[BlackElo "2414"]
[Result "0-1"]
[Round "02"]
[TimeControl "180+2"]
[Date "2023.03.21"]
[WhiteClock "0:00:02"]
[BlackClock "0:00:59"]

1. Nf3 c5 2. c4 Nf6 3. Nc3 d5 4. cxd5 Nxd5 5. e3 e6 6. Be2 Nc6 7. a3 Be7 8. O-O O-O 9. Ne4 b6 10. Qc2 Bb7 11. d3 Rc8 12. Rb1 Qd7 13. Re1 f5 14. Ng3 e5 15. Bf1 Kh8 16. b3 Bd6 17. Bb2 Bb8 18. Nd2 f4 19. Nge4 fxe3 20. fxe3 Qe6 21. Nf3 Qg6 22. Kh1 Rf7 23. Qf2 Rcf8 24. Qg3 Qxg3 25. Nxg3 h6 26. Ne4 a5 27. Kg1 Nde7 28. Nfd2 Nf5 29. Nc4 Bc7 30. Bc3 b5 31. Ncd2 Bb6 32. Kh1 c4 33. bxc4 b4 34. axb4 axb4 35. Bxb4 Nxb4 36. Rxb4 Bxe3 37. Rbb1 Bc6 38. Nf3 Bd4 39. Nxd4 Nxd4 40. Rbd1 Bxe4 41. dxe4 Rf2 42. Kg1 h5 43. Rc1 Nb3 44. Rc3 Nc5 45. h3 R2f4 46. Rce3 g6 47. Bd3 Rd8 48. Bc2 Rd2 49. R3e2 Rd4 0-1


[Site "https://www.chess.com"]

[Event "Titled Tuesday Blitz March 21 Early 2023"]
[White "Perez Ponsa, Federico"]
[Black "Dinu, Dumitru-Daniel"]
[WhiteFideId "117927"]
[BlackFideId "1208403"]
[WhiteElo "2592"]
[BlackElo "2240"]
[Result "1-0"]
[Round "02"]
[TimeControl "180+2"]
[Date "2023.03.21"]
[WhiteClock "0:01:08"]
[BlackClock "0:00:12"]

1. d4 Nf6 2. c4 e6 3. Nc3 Bb4 4. Qc2 O-O 5. a3 Bxc3+ 6. Qxc3 d5 7. Nf3 dxc4 8. Qxc4 b6 9. Bg5 Ba6 10. Qa4 h6 11. Bh4 Bb7 12. e3 Nbd7 13. Be2 Qe7 14. O-O c5 15. Rac1 cxd4 16. Nxd4 Nc5 17. Qc2 Rac8 18. b4 Nce4 19. Qb2 g5 20. Bg3 Nxg3 21. hxg3 Rfd8 22. Bf3 Bxf3 23. Nxf3 Nd5 24. b5 Rxc1 25. Rxc1 Qb7 26. e4 Ne7 27. Qf6 g4 28. Ne5 Rf8 29. Nxg4 Ng6 30. Nxh6+ Kh7 31. Nf5 exf5 32. exf5 Qe7 33. fxg6+ 1-0


[Site "https://www.chess.com"]

[Event "Titled Tuesday Blitz March 21 Early 2023"]
[White "Kobo, Ori"]
[Black "Chernov, Mikhail"]
[WhiteFideId "2812320"]
[BlackFideId "24143170"]
[WhiteElo "2447"]
[BlackElo "2113"]
[Result "1-0"]
[Round "02"]
[TimeControl "180+2"]
[Date "2023.03.21"]
[WhiteClock "0:00:34"]
[BlackClock "0:00:18"]

1. e4 c5 2. Nc3 Nc6 3. Bb5 Nd4 4. Nf3 Nxb5 5. Nxb5 a6 6. Nc3 b5 7. d4 cxd4 8. Qxd4 Bb7 9. a4 bxa4 10. O-O Qc7 11. Nd5 Bxd5 12. Qxd5 Qc6 13. Qxc6 dxc6 14. Rxa4 e6 15. Be3 Nf6 16. Rfa1 Be7 17. Rxa6 Rb8 18. e5 Nd5 19. Rxc6 Rxb2 20. Rc8+ Bd8 21. Bd4 Rb7 22. h4 Kd7 23. Rca8 h6 24. c4 Ne7 25. Bc5 Nc6 26. Bd6 Re8 27. Rd1 f5 28. Bf8+ Kc7 29. Bxg7 h5 30. Bh6 Ne7 31. Be3 Rg8 32. Bc5 Ng6 33. Bd6+ Kc6 34. Nd4+ Kb6 35. Rb1# 1-0


[Site "https://www.chess.com"]

[Event "Titled Tuesday Blitz March 21 Early 2023"]
[White "Chojnacki, Slawomir"]
[Black "Urazayev, Arystanbek"]
[WhiteFideId "1117076"]
[BlackFideId "13709810"]
[WhiteElo "2096"]
[BlackElo "2479"]
[Result "0-1"]
[Round "02"]
[TimeControl "180+2"]
[Date "2023.03.21"]
[WhiteClock "0:01:00"]
[BlackClock "0:01:20"]

1. d4 Nf6 2. Nf3 g6 3. c3 Bg7 4. Bg5 O-O 5. Nbd2 d6 6. e4 Nc6 7. Bc4 e5 8. dxe5 dxe5 9. O-O Qe8 10. Qe2 h6 11. Be3 Qe7 12. b4 b6 13. h3 Bb7 14. Rfd1 Nh5 15. Qf1 Kh7 16. a4 a5 17. Bd5 axb4 18. cxb4 Nf6 19. Bxc6 Bxc6 20. a5 Nxe4 21. Nxe4 Bxe4 22. axb6 Rxa1 23. Rxa1 cxb6 24. Qb5 Bxf3 25. gxf3 e4 26. Rd1 exf3 27. Bxb6 Qe6 28. Bc5 Qxh3 29. Qf1 Qg4+ 30. Kh1 Qh5+ 31. Kg1 Be5 0-1


[Site "https://www.chess.com"]

[Event "Titled Tuesday Blitz March 21 Early 2023"]
[White "Mekhitarian, Krikor Sevag"]
[Black "cryptoguru02"]
[WhiteFideId "2107660"]
[WhiteElo "2604"]
[BlackElo "2432"]
[Result "1-0"]
[Round "02"]
[TimeControl "180+2"]
[Date "2023.03.21"]
[WhiteClock "0:00:11"]
[BlackClock "0:00:10"]

1. Nf3 d5 2. c4 e6 3. e3 Nf6 4. Nc3 Bd6 5. b3 O-O 6. Bb2 b6 7. Rc1 dxc4 8. Bxc4 c5 9. O-O Bb7 10. Be2 Nc6 11. a3 Rc8 12. d3 Bb8 13. Nb1 Qe7 14. Nbd2 Rfd8 15. Rc2 Nd7 16. Qa1 f6 17. Rfc1 Nde5 18. d4 Nxf3+ 19. Nxf3 cxd4 20. Nxd4 Nxd4 21. Bxd4 Bd6 22. b4 Rxc2 23. Rxc2 Rc8 24. Rxc8+ Bxc8 25. h3 Qc7 26. Qb2 e5 27. Bc3 Be6 28. Qd2 Be7 29. a4 h6 30. Bg4 Bxg4 31. hxg4 Qd6 32. Qxd6 Bxd6 33. b5 Kf7 34. e4 Bc5 35. Kf1 g5 36. Ke2 Ke6 37. f3 Kd6 38. Kd3 Ke6 39. Kc4 Kd6 40. a5 Ke6 41. a6 Kd6 42. Bd2 Ke6 43. g3 Kd6 44. f4 exf4 45. gxf4 Ke6 46. f5+ Ke5 47. Kd3 Bg1 48. Be3 Bxe3 49. Kxe3 Kd6 50. Kd4 Ke7 51. e5 fxe5+ 52. Kxe5 Kf7 53. f6 Kf8 54. Ke6 Ke8 55. f7+ Kf8 56. Kf6 h5 57. gxh5 g4 58. h6 g3 59. h7 g2 60. h8=Q# 1-0


[Site "https://www.chess.com"]

[Event "Titled Tuesday Blitz March 21 Early 2023"]
[White "Averjanov, Alexey"]
[Black "Mazurkiewicz, Michal"]
[WhiteFideId "14109867"]
[BlackFideId "1124943"]
[WhiteElo "2805"]
[BlackElo "2054"]
[Result "1-0"]
[Round "02"]
[TimeControl "180+2"]
[Date "2023.03.21"]
[WhiteClock "0:00:38"]
[BlackClock "0:00:01"]

1. d4 Nf6 2. c4 e5 3. dxe5 Ng4 4. b3 Nxe5 5. Bb2 Bb4+ 6. Nd2 Nbc6 7. e3 a5 8. a3 Bc5 9. Ngf3 Qe7 10. Be2 O-O 11. O-O d6 12. Qc2 f6 13. Nd4 Ba7 14. Rad1 Qf7 15. Ne4 Re8 16. Nc3 Nxd4 17. exd4 Nc6 18. Nd5 Be6 19. Bf3 Kh8 20. Rfe1 Bxd5 21. Bxd5 Qg6 22. Qd2 Rxe1+ 23. Rxe1 Re8 24. Bxc6 bxc6 25. Qxa5 Bb6 26. Qd2 Rxe1+ 27. Qxe1 h6 28. Qd1 Qe4 29. Bc3 Qe6 30. Qd3 f5 31. b4 c5 32. d5 1-0


[Site "https://www.chess.com"]

[Event "Titled Tuesday Blitz March 21 Early 2023"]
[White "Sekar, B"]
[Black "Kilic, Eray"]
[WhiteFideId "5043743"]
[BlackFideId "44517173"]
[WhiteElo "2258"]
[BlackElo "2328"]
[Result "0-1"]
[Round "02"]
[TimeControl "180+2"]
[Date "2023.03.21"]
[WhiteClock "0:00:17"]
[BlackClock "0:00:21"]

1. e4 c5 2. Nf3 d6 3. d4 cxd4 4. Nxd4 Nf6 5. Nc3 a6 6. Be2 e6 7. O-O Qc7 8. Be3 Be7 9. f4 O-O 10. Qe1 b5 11. Bf3 Bb7 12. a3 Nbd7 13. Qg3 Nc5 14. e5 Nfe4 15. Nxe4 Nxe4 16. Bxe4 Bxe4 17. f5 dxe5 18. f6 Bxf6 19. Rxf6 Qe7 20. Rf2 exd4 21. Bxd4 f6 22. Qe3 Qb7 23. Re1 Bd5 24. Qg3 e5 25. Be3 Rac8 26. c3 Kh8 27. h3 Bc4 28. Rd2 Rfd8 29. Red1 Rxd2 30. Rxd2 h6 31. Qg4 Rg8 32. Rd7 Qc6 33. Re7 Qd6 34. Ra7 Qd3 35. Bf2 Qf1+ 0-1


[Site "https://www.chess.com"]

[Event "Titled Tuesday Blitz March 21 Early 2023"]
[White "Ioannidis, Evgenios"]
[Black "Federzoni, Enzo"]
[WhiteFideId "4229274"]
[BlackFideId "2173301"]
[WhiteElo "2386"]
[BlackElo "2039"]
[Result "1-0"]
[Round "02"]
[TimeControl "180+2"]
[Date "2023.03.21"]
[WhiteClock "0:01:05"]
[BlackClock "0:00:52"]

1. d4 Nf6 2. c4 e6 3. Nc3 Bb4 4. Qc2 O-O 5. e4 c5 6. e5 cxd4 7. a3 Qa5 8. exf6 dxc3 9. axb4 Qxa1 10. fxg7 Re8 11. bxc3 d5 12. Bd3 dxc4 13. Bxh7+ Kxg7 14. Nf3 a5 15. O-O axb4 16. cxb4 Ra2 17. Qxc4 Kxh7 18. Be3 Qb2 19. Qh4+ Kg6 20. Qg5+ Kh7 21. Bd4 1-0


[Site "https://www.chess.com"]

[Event "Titled Tuesday Blitz March 21 Early 2023"]
[White "Kovalevsky, Stanislav"]
[Black "Nazari, Arad"]
[WhiteFideId "13508598"]
[BlackFideId "12577324"]
[WhiteElo "2174"]
[BlackElo "2313"]
[Result "0-1"]
[Round "02"]
[TimeControl "180+2"]
[Date "2023.03.21"]
[WhiteClock "0:00:14"]
[BlackClock "0:01:12"]

1. c4 c5 2. Nc3 Nc6 3. g3 g6 4. Bg2 Bg7 5. a3 e5 6. Rb1 a5 7. Nd5 Nge7 8. d3 O-O 9. h4 h6 10. h5 g5 11. Bxg5 hxg5 12. h6 Bh8 13. h7+ Kg7 14. e3 Nxd5 15. Bxd5 Qf6 16. Qh5 Qg6 17. Nf3 Qxh5 18. Rxh5 f6 19. Nxg5 fxg5 20. Rxg5+ Kf6 21. Rg8 Ke7 22. Ke2 d6 23. Rh1 Be6 24. Rg6 Rf6 25. Rhh6 Bf7 26. Rxf6 Bxf6 27. f4 Rh8 28. g4 exf4 29. exf4 Bxb2 30. g5 Bg7 31. Rh3 Bg6 32. Be4 Nd4+ 33. Ke3 Nf5+ 34. Kf2 Rxh7 35. Rxh7 Bxh7 36. Kf3 Nd4+ 37. Kg4 Bxe4 38. dxe4 b5 39. cxb5 Nxb5 40. f5 c4 41. a4 Nc3 42. f6+ Bxf6 43. gxf6+ Kxf6 44. Kf4 Nxa4 45. Ke3 Ke5 0-1


[Site "https://www.chess.com"]

[Event "Titled Tuesday Blitz March 21 Early 2023"]
[White "Beerdsen, Thomas"]
[Black "Yeritsyan, Hayk"]
[WhiteFideId "1030108"]
[BlackFideId "13307320"]
[WhiteElo "2547"]
[BlackElo "2421"]
[Result "0-1"]
[Round "02"]
[TimeControl "180+2"]
[Date "2023.03.21"]
[WhiteClock "0:01:00"]
[BlackClock "0:01:23"]

1. a4 Na6 2. Ra3 e5 3. Rg3 d5 4. e3 Nf6 5. b3 Ne4 6. Bb2 Nxg3 7. hxg3 Bd6 8. Qh5 Qf6 9. Nf3 Nb4 10. Na3 Nc6 11. Bb5 Bd7 12. Bxc6 Bxc6 13. Bxe5 Bxe5 14. Qxe5+ Qxe5 15. Nxe5 Bd7 16. d4 f6 17. Ng6 Rg8 18. Nf4 c6 19. Rxh7 Kf7 20. Nb1 Bf5 21. Rh5 Bxc2 22. Nd2 Rh8 23. Rxh8 Rxh8 24. Nh3 Bf5 25. Nf4 g5 26. Ne2 Rh1+ 27. Nf1 Bd3 28. a5 Ba6 29. f3 Bxe2 30. Kxe2 Ke6 31. g4 b6 32. axb6 axb6 33. f4 c5 34. dxc5 bxc5 35. Kf2 c4 36. bxc4 dxc4 37. Ke2 c3 38. Ng3 c2 39. Nxh1 c1=Q 40. f5+ Ke5 41. Nf2 Qc2+ 42. Kf3 Qc6+ 43. Kg3 Qd5 44. Kh2 Qd2 45. Nh3 Qxe3 46. Ng1 Kf4 47. Kh1 Kg3 48. Nf3 Qc1+ 49. Ng1 Kf2 0-1


[Site "https://www.chess.com"]

[Event "Titled Tuesday Blitz March 21 Early 2023"]
[White "Gadimbayli, Abdulla"]
[Black "Jimenez Jimenez, Leandro"]
[WhiteFideId "13404938"]
[BlackFideId "6415253"]
[WhiteElo "2390"]
[BlackElo "2263"]
[Result "1-0"]
[Round "02"]
[TimeControl "180+2"]
[Date "2023.03.21"]
[WhiteClock "0:00:17"]
[BlackClock "0:00:01"]

1. Nf3 d5 2. g3 Nf6 3. Bg2 c5 4. O-O Nc6 5. d4 cxd4 6. Nxd4 e6 7. c4 Bc5 8. Nb3 Be7 9. cxd5 exd5 10. Nc3 Be6 11. Bg5 O-O 12. Nb5 h6 13. Bf4 Ne4 14. Nc7 Rc8 15. Nxe6 fxe6 16. Bxe4 dxe4 17. Qc2 Qd5 18. Rad1 Qf5 19. Qb1 Bd8 20. Be3 Bb6 21. Bxb6 axb6 22. Nd2 Nd4 23. Qxe4 Qxe4 24. Nxe4 Nxe2+ 25. Kg2 Rc2 26. Rd2 Rfc8 27. Re1 Rxd2 28. Nxd2 Nd4 29. Re4 Nf5 30. Nc4 b5 31. Na3 Kf7 32. Nxb5 Rc2 33. Rb4 h5 34. Na3 Rd2 35. Rxb7+ Kf6 36. Nc4 Rc2 37. Rb4 h4 38. a4 hxg3 39. hxg3 Rc1 40. a5 Ra1 41. Na3 Nd6 42. a6 Nc8 43. Rb8 Na7 44. Rb7 Nc6 45. a7 Nxa7 46. Rxa7 Ra2 47. Rb7 g5 48. Rb5 g4 49. Nc4 Ra4 50. Ne3 Re4 51. Rb3 Rd4 52. Rc3 Ke5 53. Rc4 Rd2 54. Nxg4+ Kd5 55. Ne3+ Ke5 56. b4 Rb2 57. Rf4 1-0


[Site "https://www.chess.com"]

[Event "Titled Tuesday Blitz March 21 Early 2023"]
[White "Begunov, Konstantin"]
[Black "Basso, Pier Luigi"]
[WhiteFideId "4118510"]
[BlackFideId "866970"]
[WhiteElo "2079"]
[BlackElo "2438"]
[Result "0-1"]
[Round "02"]
[TimeControl "180+2"]
[Date "2023.03.21"]
[WhiteClock "0:00:18"]
[BlackClock "0:01:13"]

1. d4 Nf6 2. c4 g6 3. f3 Bg7 4. e4 O-O 5. Nc3 d6 6. Be3 c5 7. dxc5 dxc5 8. Qxd8 Rxd8 9. Bxc5 Nc6 10. Nd5 Nd7 11. Nxe7+ Nxe7 12. Bxe7 Bxb2 13. Bxd8 Bxa1 14. Ne2 Ne5 15. Bc7 Nc6 16. Kd2 b6 17. Nf4 Ba6 18. c5 Bxf1 19. Rxf1 Bd4 20. Rc1 bxc5 21. Nd3 Rc8 22. Bd6 Rd8 23. Bxc5 Bxc5 24. Rxc5 Nb4 25. Rc3 Nxa2 26. Rb3 a5 27. Kc2 Kg7 28. Kb2 Nb4 29. Nxb4 axb4 30. Kc2 Rd4 31. Rd3 Rc4+ 32. Kb3 Rc5 33. Rd2 Rh5 34. h3 Rb5 35. Rd4 h5 36. Rxb4 Ra5 37. Kc3 h4 38. Rb2 Kf6 39. Kd4 Kg5 40. Ke3 Ra3+ 41. Kf2 Kf4 42. Rd2 f6 43. Rc2 Rb3 44. Re2 Ke5 45. Re3 Rb2+ 46. Re2 Rb1 47. Rd2 Rb5 48. Ke3 Rb3+ 49. Rd3 Rb1 50. f4+ Ke6 51. Kf3 f5 52. exf5+ gxf5 53. Re3+ Kf6 54. Ra3 Rf1+ 55. Ke2 Rxf4 56. Ra6+ Kg5 57. Ra3 Rb4 58. Kf2 Kf4 59. Rf3+ Ke4 60. Ra3 Rb2+ 61. Kf1 Kf4 62. Rf3+ Kg5 63. Ra3 Rd2 64. Rb3 Kf4 65. Ra3 Rd4 66. Rb3 Ke4 67. Kf2 Rd2+ 68. Kf1 Rd4 69. Ra3 Kf4 70. Rb3 Re4 71. Kf2 Ra4 72. Rf3+ Ke4 73. Re3+ Kd5 74. Kf3 Rb4 75. Ra3 Ke5 76. Ra5+ Kf6 77. Ra3 Kg5 78. Rd3 Rf4+ 79. Ke3 Rf1 80. Ke2 Ra1 81. Kf3 Kf6 82. Kf2 Ra4 83. Kf3 Ke5 84. Re3+ Re4 85. Ra3 Rf4+ 86. Ke3 Rc4 87. Ra5+ Kf6 88. Kf3 Rc3+ 89. Kf2 Kg5 90. Ra4 Rc5 91. Rb4 Re5 92. Kf3 Re1 93. Kf2 Re4 94. Kf3 Rxb4 0-1


[Site "https://www.chess.com"]

[Event "Titled Tuesday Blitz March 21 Early 2023"]
[White "rikchessmx"]
[Black "Hambleton, Aman"]
[BlackFideId "2606577"]
[WhiteElo "2415"]
[BlackElo "2511"]
[Result "0-1"]
[Round "02"]
[TimeControl "180+2"]
[Date "2023.03.21"]
[WhiteClock "0:01:43"]
[BlackClock "0:00:12"]

1. e4 b6 2. d4 Bb7 3. Nc3 e6 4. a3 g6 5. h4 h6 6. h5 g5 7. Nge2 Bg7 8. Ng3 d6 9. f3 a6 10. Be3 Ne7 11. Qd2 Nd7 12. O-O-O b5 13. d5 e5 14. Nf5 Nxf5 15. exf5 Nf6 16. g4 O-O 17. Bd3 Nxd5 18. Nxd5 Bxd5 19. Be4 Bxe4 20. fxe4 Qd7 21. Qa5 Qc6 22. Rhe1 Qxe4 23. Bxg5 Qxg4 24. Bd2 Qxf5 25. Rg1 Kh7 26. Qxc7 Rac8 27. Rgf1 Qxf1 28. Qxc8 Qxd1+ 29. Kxd1 Rxc8 0-1


[Site "https://www.chess.com"]